 Dungeon Crawl Stone Soup version 0.29.1-13-g9f3cf754e1 (webtiles) character file.

Game seed: 3348375054848714273

202 Gabide the Shooter (level 5, 0/31 HPs)
             Began as a Deep Elf Hunter on Feb 5, 2023.
             Slain by a scorpion (6 damage)
             ... on level 4 of the Dungeon.
             The game lasted 00:03:27 (3317 turns).

Gabide the Shooter (Deep Elf Hunter)                Turns: 3317, Time: 00:03:28

Health: 0/31       AC:  3    Str:  8    XL:     5   Next: 50%
Magic:  7/7        EV: 14    Int: 14    God:
Gold:   195        SH:  5    Dex: 20    Spells: 4/4 levels left

rFire   . . .      SeeInvis .   a - +0 shortbow
rCold   . . .      Faith    .   (shield currently unavailable)
rNeg    . . .      Spirit   .   c - +0 leather armour
rPois   .          Reflect  +   (no helmet)
rElec   .          Harm     .   (no cloak)
rCorr   .          Rampage  .   (no gloves)
Will    .....                   (no boots)
Stlth   ++........              s - amulet of reflection
HPRegen 0.10/turn               (no ring)
MPRegen 0.10/turn               (no ring)

@: lethally poisoned (0 -> -21)
A: no striking features
a: no special abilities


You were on level 4 of the Dungeon.
You visited 1 branch of the dungeon, and saw 5 of its levels.

You collected 249 gold pieces.
You spent 54 gold pieces at shops.

Inventory:

Hand Weapons
 a - a +0 shortbow (weapon)
Armour
 c - a +0 leather armour (worn)
Jewellery
 f - a ring of fire
 s - an amulet of reflection (around neck)
Scrolls
 b - 2 scrolls of immolation
 d - 3 scrolls of teleportation {unknown}
 e - a scroll of fear {unknown}
 g - a scroll of enchant armour {unknown}
 h - 2 scrolls of enchant weapon {unknown}
 j - 3 scrolls of identify {unknown}
 n - a scroll of brand weapon {unknown}
 o - a scroll of amnesia {unknown}
 q - a scroll of blinking {unknown}
Potions
 i - 3 potions of curing
 k - 2 potions of mutation {unknown}
 l - 2 potions of magic {unknown}
 m - a potion of resistance {unknown}
 p - 2 potions of flight {unknown}
 r - 2 potions of lignification {unknown}
 t - a potion of haste {unknown}


   Skills:
 + Level 2.5 Fighting
 * Level 7.0 Ranged Weapons
 * Level 4.8 Dodging
 - Level 1.2 Stealth


You had 4 spell levels left.
You didn't know any spells.
Your spell library contained the following spells:

 Spells                   Type           Power      Damage    Failure   Level
 Scorch                   Fire           0%         2d5       54%         2
 Flame Wave               Conj/Fire      0%         2d4       99%         4
 Summon Cactus Giant      Summ           0%         N/A       100%        6


Dungeon Overview and Level Annotations

Branches:
Dungeon (5/15)             Temple (0/1) D:4

Altars:
Cheibriados
Trog

Shops:
D:2 *


Message History

You are too injured to fight recklessly!
You are too injured to fight recklessly!
You are too injured to fight recklessly!
You are too injured to fight recklessly!
You are too injured to fight recklessly!
You are too injured to fight recklessly!
You are too injured to fight recklessly!
You are too injured to fight recklessly!
You are too injured to fight recklessly!
You are too injured to fight recklessly!
You are too injured to fight recklessly!
You are too injured to fight recklessly!
You are too injured to fight recklessly!
You are too injured to fight recklessly!
You are too injured to fight recklessly!
You are too injured to fight recklessly!
You are too injured to fight recklessly!
You are too injured to fight recklessly!
You are too injured to fight recklessly!
You are too injured to fight recklessly!
You are too injured to fight recklessly!
Fire: a) +0 shortbow
Press: ? - help, Q - select action Shift-Dir - straight line, f/p - scorpion
Aim: a scorpion (heavily wounded, 66% to hit)
You shoot an arrow.
The arrow hits the scorpion but does no damage.
The scorpion is heavily wounded.
You feel very sick. You block the scorpion's attack.
Unknown command.
Fire: a) +0 shortbow
Press: ? - help, Q - select action Shift-Dir - straight line, f/p - scorpion
Aim: a scorpion (heavily wounded, 66% to hit)
You shoot an arrow. The arrow hits the scorpion.
The scorpion is almost dead.
You feel sick. The scorpion stings you.
* * * LOW HITPOINT WARNING * * *
You are lethally poisoned!
The scorpion poisons you! The scorpion stings you.
You die...

#...........#..
#####........##..
##..##.......##...
#.............#...
##...)......#.....
##..........#.....
####........#..##....
##.##.s......#...#....
##....@####..#......#.#
#.......###..#..<.....#
##.............#.....##
##........##...#.....#.
#........###........##.
#>................#....
##..................###
##...)....###<.......#
###..............##..


You could see a scorpion.

Vanquished Creatures
  A jelly (D:4)
  An orc wizard (D:3)
  Natasha (D:3)
  A mummy (D:3)
  2 adders
  3 dart slugs
  6 orcs
  5 bats
  10 endoplasms
  4 giant cockroaches
  5 goblins
  6 hobgoblins
  2 jackals (D:3)
  13 kobolds
  4 quokkas
  9 ball pythons
  2 frilled lizards
  4 rats
79 creatures vanquished.

Vanquished Creatures (others)
  6 fungi (D:4)
6 creatures vanquished.

Grand Total: 85 creatures vanquished

Notes
Turn   | Place    | Note
-------+----------+-------------------------------------------
     0 | D:1      | Gabide the Deep Elf Hunter began the quest for the Orb.
     0 | D:1      | Reached XP level 1. HP: 12/12 MP: 3/3
   147 | D:1      | Reached XP level 2. HP: 17/17 MP: 4/4
   915 | D:2      | Reached XP level 3. HP: 21/21 MP: 5/5
   989 | D:2      | Found Ceanualo's Assorted Antiques.
   998 | D:2      | Bought a lumpy white potion for 18 gold pieces
   998 | D:2      | Bought a golden potion for 18 gold pieces
   998 | D:2      | Bought a pink potion for 18 gold pieces
  1150 | D:2      | Reached skill level 6 in Ranged Weapons
  1199 | D:2      | Found a faded altar of an unknown god.
  1683 | D:3      | Reached XP level 4. HP: 25/26 MP: 6/6
  2268 | D:3      | Found a snail-covered altar of Cheibriados.
  2269 | D:3      | Noticed Natasha
  2279 | D:3      | Killed Natasha
  2301 | D:3      | Reached XP level 5. HP: 12/31 MP: 7/7
  2676 | D:4      | Found a staircase to the Ecumenical Temple.
  2813 | D:4      | Found a bloodstained altar of Trog.
  2846 | D:4      | Reached skill level 7 in Ranged Weapons
  3240 | D:5      | Entered Level 5 of the Dungeon
  3317 | D:4      | Slain by a scorpion

Illustrated notes

Levels and vault maps discovered:
D:1:      minmay_arrival_floating_metal, layout_basic
D:2:      layout_basic, serial_shops, nicolae_shop_advertising_works
          [nicolae_subvault_shop_adworks], hellmonk_ecumenical_altar_zigzags
D:3:      layout_basic, slow_altar_1, uniq_natasha
D:4:      layout_cave_pools, kennysheep_mini, minmay_temple_entry_slanted,
          serial_park, serial_park_tiny_1, serial_park_square1
          [serial_park_minivault_5x5_6]
D:5:      layout_rooms, minmay_misc_feat_five

Skill      XL: |  1  2  3  4  5 |
---------------+----------------+-----
Dodging        | 3 4 |  4.8
Fighting       | 2 |  2.5
Ranged Weapons | 6 7 |  7.0
Stealth        | |  1.2

Action                   |  1- 3 |  4- 6 || total
-------------------------+-------+-------++-------
 Fire: Shortbow          |   100 |   124 ||   224
  Use: Potion            |       |     1 ||     1
Armor: Leather armour    |     4 |     8 ||    12
Dodge: Dodged            |    11 |    36 ||    47
Block: Other             |       |     4 ||     4
